 Dungeon Sprint DCSS version 0.21-a0-616-g6d9b277d69 (webtiles) character file.

287 Callister the Gouger (level 6, -17/33 HPs)
             Began as a Felid Monk on Dec 23, 2017.
             Was an Elder of Qazlal.
             Demolished by a tyrant leech (25 damage)
             ... in the Dungeon (Sprint IX: "|||||||||||||||||||||||||||||").
             The game lasted 00:01:41 (660 turns).

Callister the Gouger (Felid Monk)                    Turns: 660, Time: 00:01:42

Health: -17/33     AC:  2    Str:  7    XL:     6   Next: 8%
Magic:  11/11      EV: 28    Int: 16    God:    Qazlal [****..]
Gold:   0          SH:  5    Dex: 19    Spells: 5/5 levels left
                                        Lives:  0   Deaths: 2

rFire    . . .     SeeInvis +     - Unarmed
rCold    . . .     Gourm    .   (shield unavailable)
rNeg     . . .     Faith    .   (armour unavailable)
rPois    .         Spirit   .   (helmet unavailable)
rElec    .         Reflect  .   (cloak unavailable)
rCorr    .         Harm     .   (gloves unavailable)
MR       .....     NoTele   +   (boots unavailable)
Stlth    +++.......             (no amulet)
HPRegen  0.11/turn              m - +2 ring of evasion
MPRegen  0.12/turn              l - +3 ring of intelligence

@: repel missiles, quick
A: very small, no armour, no weapons or thrown items, stealth, claws 1, fangs 3,
see invisible, carnivore, speed 1, shaggy fur 2, slow metabolism 1, sharp paws
a: Upheaval, Elemental Force, Renounce Religion


You were in the Dungeon.
You worshipped Qazlal.
Qazlal was greatly pleased with you.
You were not hungry.

You visited 1 branch

Inventory:

Jewellery
 l - a +3 ring of intelligence (right paw)
 m - a +2 ring of evasion (left paw)
Scrolls
 g - 2 scrolls of blinking
 i - 3 scrolls of remove curse
 j - 2 scrolls of amnesia
Potions
 b - 5 potions of curing
 c - 3 potions of heal wounds
 d - a potion of haste
 e - 4 potions of magic
 f - a potion of berserk rage
 h - a potion of invisibility
Comestibles
 a - 11 rations


   Skills:
 + Level 7.3 Fighting
 + Level 9.6 Dodging
 + Level 7.6 Stealth
 + Level 12.0 Unarmed Combat
 * Level 6.2 Invocations


You had 5 spell levels left.
You didn't know any spells.

Dungeon Overview and Level Annotations

Branches:
Dungeon (1/1)

Altars:
Cheibriados
Dithmenos
Elyvilon
Fedhas
Gozag
Hepliaklqana
Kikubaaqudgha
Makhleb
Nemelex Xobeh
Okawaru
Qazlal
Ru
Sif Muna
Trog
Uskayaw
Vehumet
Wu Jian
Xom
Yredelemnul
Zin
The Shining One
Beogh
Jiyva
Lugonu

Shops:
D [


Innate Abilities, Weirdness & Mutations

You cannot wear armour.
You are incapable of wielding weapons or throwing items.
Your paws allow you to move quietly. (Stealth)
You have sharp claws.
You have razor-sharp teeth.
You have supernaturally acute eyesight. (SInv)
You are carnivorous and can eat meat at any time.
You cover ground quickly.
You are covered in thick fur. (AC +2)
You have a slow metabolism.
Your sharp claws are effective at attacking unaware monsters.


Message History

The blink frog blinks!
You scratch the tyrant leech.
The tyrant leech is moderately wounded.
The tyrant leech bites you!!
Ouch! That really hurt!
The tyrant leech draws strength from your injuries!
You scratch the tyrant leech but do no damage.
The tyrant leech completely misses you.
A tyrant leech comes into view.
You scratch the tyrant leech but do no damage.
You closely miss the tyrant leech. The tyrant leech bites you.
* * * LOW HITPOINT WARNING * * *
The tyrant leech draws strength from your injuries!
You claw the tyrant leech! Your bite misses the tyrant leech.
The tyrant leech is lightly wounded.
You claw the tyrant leech!
The tyrant leech is moderately wounded.
The tyrant leech bites you!!
Ouch! That really hurt!
You die...

▓.▓.▓.▓
▓h▓
▓.▓.▓.▓
▓Y▓
▓.▓.▓[▓
▓T▓
▓.▓.▓[▓
▓O▓
▓†▓.▓[▓
▓†▓
▓O▓.▓[▓
▓e▓
▓O▓.▓.▓
▓Y▓
▓O▓.▓.▓
▓.▓
▓O▓.▓@▓
▓.▓
▓O▓.▓w▓
▓÷▓
▓O▓.▓w▓
▓)▓
▓O▓.▓F▓
▓'▓
▓.▓$▓
▓.▓
▓.▓w▓
▓.▓
▓.▓.▓
▓[▓
▓.▓.▓
▓[▓ ▓.▓
▓[▓


You could see 3 tyrant leeches and a blink frog.

Vanquished Creatures
  An unseen horror (D)
  An ice beast (D)
  A bullfrog (D)
  A howler monkey (D)
  A crimson imp (D)
  A jelly (D)
  2 orc wizards (D)
  A worker ant (D)
  2 adders (D)
  An ooze (D)
  A dart slug (D)
  A hobgoblin (D)
  A jackal (D)
  A frilled lizard (D)
  A quokka zombie (D)
  A rat (D)
18 creatures vanquished.

Notes
Turn   | Place    | Note
-------+----------+-------------------------------------------
     0 | D        | Callister the Felid Monk began the quest for the Orb.
     0 | D        | Reached XP level 1. HP: 10/10 MP: 2/2
     9 | D        | Reached skill level 4 in Unarmed Combat
    18 | D        | Reached skill level 5 in Unarmed Combat
    18 | D        | Reached XP level 2. HP: 7/14 MP: 3/3
   233 | D        | Reached skill level 7 in Unarmed Combat
   233 | D        | Reached XP level 3. HP: 17/17 MP: 4/4
   240 | D        | Reached skill level 8 in Unarmed Combat
   242 | D        | Reached skill level 9 in Unarmed Combat
   242 | D        | Reached XP level 4. HP: 15/21 MP: 5/5
   255 | D        | Found a roughly hewn altar of Beogh.
   255 | D        | Found a snail-covered altar of Cheibriados.
   255 | D        | Found a shadowy altar of Dithmenos.
   255 | D        | Found a white marble altar of Elyvilon.
   255 | D        | Found a blossoming altar of Fedhas.
   255 | D        | Found an opulent altar of Gozag.
   256 | D        | Found a hazy altar of Hepliaklqana.
   257 | D        | Found a viscous altar of Jiyva.
   258 | D        | Found an ancient bone altar of Kikubaaqudgha.
   259 | D        | Found a corrupted altar of Lugonu.
   260 | D        | Found a burning altar of Makhleb.
   261 | D        | Found a sparkling altar of Nemelex Xobeh.
   262 | D        | Found an iron altar of Okawaru.
   263 | D        | Found a stormy altar of Qazlal.
   264 | D        | Found a sacrificial altar of Ru.
   265 | D        | Found a deep blue altar of Sif Muna.
   266 | D        | Found a bloodstained altar of Trog.
   267 | D        | Found a hide-covered altar of Uskayaw.
   268 | D        | Found a radiant altar of Vehumet.
   269 | D        | Found an ornate altar of the Wu Jian Council.
   270 | D        | Found a shimmering altar of Xom.
   271 | D        | Found a basalt altar of Yredelemnul.
   272 | D        | Found a glowing silver altar of Zin.
   273 | D        | Found a glowing golden altar of the Shining One.
   281 | D        | Became a worshipper of Qazlal Stormbringer
   281 | D        | Reached * piety under Qazlal
   281 | D        | Reached ** piety under Qazlal
   331 | D        | Noticed an unseen horror
   331 | D        | Noticed an ice beast
   332 | D        | Reached skill level 1 in Invocations
   336 | D        | Killed an ice beast
   336 | D        | Reached XP level 5. HP: 13/25 MP: 5/8
   336 | D        | Reached *** piety under Qazlal
   336 | D        | Reached skill level 10 in Unarmed Combat
   339 | D        | Reached skill level 5 in Fighting
   339 | D        | Reached skill level 5 in Stealth
   339 | D        | Gained mutation: You are covered in thick fur. (AC +2) [Felid growth]
   339 | D        | Reached XP level 6. HP: 10/30 MP: 5/9
   342 | D        | Killed an unseen horror
   342 | D        | Reached skill level 11 in Unarmed Combat
   342 | D        | Reached XP level 7. HP: 6/36 MP: 5/12
   592 | D        | Noticed a yak
   592 | D        | Noticed a troll
   592 | D        | Noticed a deep elf mage
   592 | D        | Noticed a two-headed ogre
   604 | D        | Slain by a two-headed ogre
   605 | D        | Reached XP level 6. HP: -2/33 MP: 11/11
   610 | D        | Found Yfext's Armour Shop.
   610 | D        | Noticed an ogre mage
   610 | D        | Noticed an ogre mage
   610 | D        | Noticed a two-headed ogre
   610 | D        | Noticed a two-headed ogre
   610 | D        | Noticed a two-headed ogre
   611 | D        | Noticed an ogre mage
   612 | D        | Paralysed by an ogre mage for 6 turns
   613 | D        | Noticed a two-headed ogre
   613 | D        | Killed from afar by an ogre mage
   614 | D        | Reached XP level 5. HP: -26/28 MP: 10/10
   647 | D        | Noticed a tyrant leech
   647 | D        | Noticed a blink frog
   648 | D        | Noticed a tyrant leech
   649 | D        | Reached **** piety under Qazlal
   649 | D        | Reached skill level 12 in Unarmed Combat
   649 | D        | Reached XP level 6. HP: 33/33 MP: 11/11
   657 | D        | Noticed a tyrant leech
   660 | D        | Demolished by a tyrant leech

Vault maps used:
D:        linesprint

Skill      XL: |  1  2  3  4  5  6 |
---------------+-------------------+-----
Unarmed Combat | 5 7 9 12 11 | 12.0
Stealth        | 4 5 7 |  7.6
Invocations    | 3 6 |  6.2
Fighting       | 4 5 7 |  7.3
Dodging        | 6 9 |  9.6

Action                   |  1- 3 |  4- 6 |  7- 9 || total
-------------------------+-------+-------+-------++-------
Melee: Unarmed           |    28 |    16 |     9 ||    53
       Punch             |     5 |     1 |     1 ||     7
       Bite              |     1 |     2 |     3 ||     6
Evoke: Wand              |       |     7 |     3 ||    10
 Stab: Sleeping          |     3 |       |       ||     3
  Eat: Chunk             |     2 |     4 |       ||     6
Armor: Skin              |     1 |       |       ||     1
Dodge: Dodged            |    14 |    13 |    12 ||    39
Block: Other             |       |     3 |       ||     3

Table legend:
 A = Spawn XP
 B = Non-spawn XP
 C = Spawn XP percentage of total XP
 D = Spawn monster count
 E = Non-spawn monster count
 F = Spawn count percentage of total count
 G = Total turns spent on level
                    A         B        C        D         E        F      G
               +---------+---------+-------+---------+---------+-------+---------
         Total |       0 |    1291 |   0.0 |       0 |      18 |   0.0 |   660
               +---------+---------+-------+---------+---------+-------+---------
             D |       0 |    1291 |   0.0 |       0 |      18 |   0.0 |   660
               +---------+---------+-------+---------+---------+-------+---------
